 Dungeon Crawl Stone Soup version 0.32-a0-558-g233958a4c4 (webtiles) character file.

Game seed: 17829045440308648368

184204 Leszczynek the Slayer (level 17, 0/205 HPs)
             Began as an Oni Alchemist on Feb 29, 2024.
             Was the Champion of Trog.
             Slain by a tyrant leech (25 damage)
             ... on level 4 of the Swamp on Mar 1, 2024.
             The game lasted 01:57:19 (26854 turns).

Leszczynek the Slayer (Oni Alchemist)              Turns: 26854, Time: 01:57:20

Health: 0/205      AC: 12    Str: 23    XL:     17   Next: 78%
Magic:  20/20      EV: 15    Int: 19    God:    Trog [******]
Gold:   340        SH: 11    Dex: 11    Spells: 17/20 levels left

rFire   + . .        a - +5 morningstar (freeze)
rCold   . . .        W - +0 kite shield
rNeg    . . .        P - +0 swamp dragon scales
rPois   +            m - +2 hat
rElec   .            l - +0 cloak
rCorr   .            (gloves unavailable)
SInv    .            (boots unavailable)
Will    +++..        N - amulet of regeneration
Stlth   ++           Q - +5 ring of evasion
HPRegen 2.34/turn    K - ring "Caqokh" {rF+ Str+3 Int+3}
MPRegen 0.17/turn

%: no passive effects
@: strong-willed, on berserk cooldown, regenerating
A: large, unfitting armour, horns 1, tough skin 1, double potion healing,
drunken brawling
}: 1/15 runes: decaying
a: Renounce Religion, Berserk, Trog's Hand, Brothers in Arms


You were on level 4 of the Swamp.
You worshipped Trog.
Trog was exalted by your worship.
You visited 5 branches of the dungeon, and saw 27 of its levels.
You also visited: Ossuary, Gauntlet and Ice Cave.

You collected 2938 gold pieces.
You spent 2598 gold pieces at shops.

Inventory:

Hand Weapons
 a - a +5 morningstar of freezing (weapon)
 H - a +1 demon whip of flaming {god gift}
Missiles
 d - 50 large rocks
 w - 5 javelins
 x - 38 boomerangs (quivered)
 z - 13 curare-tipped darts
Armour
 l - a +0 cloak (worn)
 m - a +2 hat (worn)
 L - a +0 troll leather armour
 P - +0 swamp dragon scales (worn)
 W - a +0 kite shield (worn)
Jewellery
 g - a ring of protection from cold
 I - a ring of positive energy
 K - the ring "Caqokh" (right hand) {rF+ Str+3 Int+3}
   (You bought it in a shop on level 14 of the Dungeon)

   [ring of protection from fire]

   Str+3:     It affects your strength (+3).
   Int+3:     It affects your intelligence (+3).
   rF+:       It protects you from fire.
 N - an amulet of regeneration (around neck)
 Q - a +5 ring of evasion (left hand)
 R - a ring of resist corrosion
 V - a ring of poison resistance
Wands
 c - a wand of paralysis (23)
 e - a wand of roots (16)
 v - a wand of mindburst (8)
 A - a wand of flame (49)
 D - a wand of polymorph (20)
 T - a wand of acid (16)
 U - a wand of digging (3)
Scrolls
 i - 4 scrolls of identify {@r1}
 j - a scroll of brand weapon
 k - 7 scrolls of immolation {!r}
 p - 4 scrolls of fog
 q - 4 scrolls of revelation
 t - 9 scrolls of enchant weapon
 u - 5 scrolls of poison
 F - 3 scrolls of blinking
 G - 10 scrolls of teleportation
 O - a scroll of enchant armour
 S - 2 scrolls of vulnerability {!r}
 Y - 3 scrolls of fear
 Z - 2 scrolls of silence {!r}
Potions
 b - 2 potions of magic
 f - 5 potions of haste
 h - 7 potions of might
 n - 2 potions of invisibility
 o - a potion of cancellation
 r - 5 potions of mutation {!q}
 s - 3 potions of curing {@q1}
 C - 4 potions of enlightenment
 E - 6 potions of heal wounds {@q2}
 J - a potion of ambrosia
Miscellaneous
 y - a tin of tremorstones (2/2)
 B - a phantom mirror
 M - a phial of floods
 X - a lightning rod (4/4)


   Skills:
 - Level 21.1 Fighting
 + Level 17.0 Maces & Flails
 + Level 13.7 Throwing
 * Level 4.7 Armour
 - Level 6.0 Dodging
 - Level 5.2 Stealth
 + Level 12.3 Shields
 - Level 2.4 Spellcasting
 - Level 0.8 Conjurations
 - Level 2.6 Alchemy
 - Level 8.0 Evocations


You had 17 spell levels left.
You knew the following spells:

 Your Spells              Type           Power      Damage    Failure   Level
K - Mercury Vapours       Alch/Air       14%        N/A       34%         2
O - Sting                 Conj/Alch      36%        1d5       21%         1

Your spell library contained the following spells:

 Spells                   Type           Power      Damage    Failure   Level
 Sandblast                Erth           4%         2d4       38%         1
 Mephitic Cloud           Conj/Alch/Air  6%         N/A       58%         3
 Stone Arrow              Conj/Erth      6%         3d7       71%         3
 Passwall                 Erth           2%         N/A       77%         3
 Olgreb's Toxic Radiance  Alch           12%        N/A       80%         4
 Sticky Flame             Fire/Alch      7%         2d4       93%         4
 Brom's Barrelling Bould  Conj/Erth      3%         2d3       98%         4


Dungeon Overview and Level Annotations

Branches:
Dungeon (15/15)            Temple (1/1) D:5            Lair (5/5) D:8
  Swamp (4/4) Lair:2        Snake (0/4) Lair:3        Slime (0/5) Lair:4
    Orc (2/2) D:11            Elf (0/3) Orc:2        Vaults (0/5) D:14
 Depths (0/4) D:15        Ossuary (visited)           IceCv (visited)
Gauntlet (visited)

Altars:
Ashenzari
Cheibriados
Dithmenos
Elyvilon
Fedhas
Gozag
Hepliaklqana
Kikubaaqudgha
Makhleb
Nemelex Xobeh
Okawaru
Qazlal
Ru
Sif Muna
Trog
Uskayaw
Vehumet
Wu Jian
Xom
Yredelemnul
Zin
The Shining One
Lugonu

Shops:
D:11 (   D:13 :   D:14 (*[=   Orc:2 ?**:?

Portals:
Abyss: Lair:5

Annotations:
D:5 Grinder
D:14 Roxanne
Swamp:1 Nikola


Innate Abilities, Weirdness & Mutations

You are too large for most types of armour.
You have a pair of small horns on your head.
You have tough skin. (AC +1)
You gain doubled healing and magic from potions.
Whenever you drink a healing potion, you attack all around you.


Message History

You hit the tyrant leech. You freeze the tyrant leech.
Your headbutt misses the tyrant leech.
The tyrant leech is moderately wounded.
The foxfire hits you. You resist.
* * * LOW HITPOINT WARNING * * *
The foxfire hits you. You resist.
* * * LOW HITPOINT WARNING * * *
The tyrant leech bites you.
* * * LOW HITPOINT WARNING * * *
The tyrant leech draws strength from your injuries!
You closely miss the tyrant leech.
The tyrant leech is moderately wounded.
The tyrant leech closely misses you.
The will-o-the-wisp gestures.
The will-o-the-wisp conjures some marshlight! 2 foxfires come into view.
You puncture the tyrant leech! You freeze the tyrant leech.
Your headbutt misses the tyrant leech.
The tyrant leech is heavily wounded.
You feel yourself speed up. The foxfire hits you. You resist.
* * * LOW HITPOINT WARNING * * *
The foxfire hits you. You resist.
* * * LOW HITPOINT WARNING * * *
The tyrant leech misses you.
The will-o-the-wisp gestures.
The will-o-the-wisp conjures some marshlight! 2 foxfires come into view.
You bludgeon the tyrant leech!! You freeze the tyrant leech!
Your headbutt misses the tyrant leech.
The tyrant leech is almost dead.
The foxfire hits you! You resist.
* * * LOW HITPOINT WARNING * * *
The foxfire hits you. You resist.
* * * LOW HITPOINT WARNING * * *
The will-o-the-wisp blinks!
You closely miss the tyrant leech. You headbutt the tyrant leech.
The tyrant leech is almost dead.
The tyrant leech bites you!!
You die...

♣~..~~~~~~~~~~~~§~~~~~
♣.~§~~.~~††~~§~~~~~~..
♣.~~~~....♣§.~~~~~§~~~
♣♣~~~§..§.♣♣♣♣.§~~~~. ####
♣.~~~~~~~♣ .§~..♣♣♣ ♣♣♣♣.~~
♣♣~§~~~§.♣♣ ♣♣§.....♣♣♣.~♣.~~
♣♣..~~~~.♣♣♣..~~~~~.♣♣.....~
♣♣~~~~~~.♣♣.~§~~~~~D.~~~~~§
♣♣XX~.~~~§.@w~v~~~~~D~~~~~~~
♣♣.~~~~~~~~~~♣♣.~~~~~.§~~§~~~
♣♣~~§~.~~§~~~~♣♣♣~.<.~~~~~~~..
♣♣♣♣~...♣♣♣♣♣§~~♣♣
♣♣.~~~~~~~.... §♣..~...§♣
♣♣♣♣♣ ♣.§~~..~..♣♣. ~.....§.♣♣
♣.~.~~~.~.~§♣ ..♣♣...~♣
.~♣##♣~♣.~~.. .♣♣♣...♣♣ ~. .
.#.~.~.§ .♣♣♣♣~~♣ ♣♣♣~. ♣♣.
.♣~♣♣♣~


You could see a tyrant leech and a will-o-the-wisp.

Vanquished Creatures
  Rupert (D:12)
  Mlioglotl (Swamp:4)
  A thorn hunter (Swamp:3)
  Gastronok (D:12)
  Frances (D:14)
  Agnes (D:14)
  Donald (Orc:2)
  Kirke (Lair:2)
  An orc warlord (Orc:2)
  The ghost of Sucs the Convoker, a journeyman DESu of Gozag (Swamp:2)
  5 bunyips
  3 eleionomae
  A white draconian (IceCv)
  Azrael (Orc:1)
  A minotaur (Gauntlet)
  3 fire dragons (Swamp:4)
  An entropy weaver (shapeshifter) (D:15)
  A yaktaur captain (D:15)
  A rakshasa (D:15)
  16 hydras
  6 alligators
  3 ghost crabs
  7 centaur warriors
  4 boulder beetles
  A catoblepas (D:13)
  11 two-headed ogres
  A tengu warrior (D:15)
  A deep troll earth mage (D:15)
  A death yak (Lair:4)
  4 thrashing horrors (Lair:5)
  2 skysharks
  4 goliath frogs
  7 skeletal warriors
  3 bog bodies
  7 swamp dragons
  4 spriggan druids
  6 lindwurms (Swamp:4)
  7 deep elf pyromancers
  7 ugly things
  3 deep elf zephyrmancers (Orc:2)
  An oklob plant (Gauntlet)
  3 orc knights
  2 lightning spires (Gauntlet)
  6 orc sorcerers
  9 cyclopes
  29 elephants
  3 will-o-the-wisps
  Maurice (D:9)
  2 meliai (D:14)
  3 manticores
  2 ice statues (IceCv)
  A torpor snail (Lair:2)
  2 kobold blastminers (Orc:2)
  3 black mambas
  A smoke demon (Lair:5)
  13 cane toads
  2 gargoyles (D:11)
  A large abomination (Lair:5)
  2 kobold demonologists
  6 rime drakes
  Jeremiah (D:9)
  8 komodo dragons
  2 freezing wraiths
  A yaktaur (D:15)
  13 trolls
  A polar bear (shapeshifter) (D:14)
  A wolf spider simulacrum (D:15)
  9 hornets
  5 tyrant leeches
  4 polar bears
  3 raiju
  31 blink frogs
  10 slime creatures
  2 wyverns (Lair:1)
  3 ynoxinuls (Lair:5)
  4 shadows
  7 spriggans
  Sigmund (D:6)
  A yak (shapeshifter) (D:15)
  7 hogs (Swamp:1)
  2 basilisks (shapeshifter)
  5 basilisks
  A golden eye (D:14)
  2 wraiths
  3 fire elementals
  4 wargs
  57 yaks
  7 vampire mosquitoes
  Menkaure (Ossuary)
  3 steam dragons
  3 chaos spawn (Lair:5)
  2 nagas (Lair:3)
  8 swamp worms
  An acid dragon (Gauntlet)
  2 hell hounds (Orc:1)
  20 water moccasins
  34 orc warriors
  2 sky beasts
  3 swamp drakes (Swamp:4)
  3 black bears
  2 ice beasts
  3 boggarts
  19 wolves
  6 ogres
  16 centaurs
  3 phantoms
  5 kobold brigands
  An elf zombie (Ossuary)
  10 bullfrogs
  2 gnoll sergeants
  8 small abominations (Lair:5)
  A scorpion (shapeshifter) (D:14)
  2 scorpions
  12 wights
  A troll zombie (Ossuary)
  9 killer bees
  2 lindwurm simulacra (IceCv)
  12 howler monkeys
  7 komodo dragon simulacra (IceCv)
  2 centaur zombies (Ossuary)
  A human zombie (Ossuary)
  2 bombardier beetles
  A jelly (Lair:4)
  13 orc priests
  2 hounds (D:4)
  4 iguanas
  A human skeleton (D:5)
  20 orc wizards
  2 ogre zombies (Ossuary)
  6 mummies (Ossuary)
  A hound skeleton (D:5)
  14 gnolls
  An adder (D:3)
  9 acid dragon simulacra (IceCv)
  A shadow imp (D:8)
  14 white imps
  3 steam dragon simulacra (IceCv)
  2 ufetubi (D:6)
  An adder skeleton (D:2)
  4 adder zombies (Ossuary)
  A ribbon worm (D:3)
  2 dart slugs (D:4)
  57 orcs
  11 ball pythons
  6 bats
  5 endoplasms
  2 giant cockroaches
  8 goblins
  5 hobgoblins
  2 jackals (D:4)
  13 quokkas
  4 frilled lizards
  2 goblin zombies (Ossuary)
  6 hobgoblin zombies (Ossuary)
  A jackal zombie (D:2)
  22 kobolds
  3 kobold zombies (Ossuary)
  A quokka skeleton (D:2)
  5 quokka zombies (Ossuary)
  6 rats
  3 rat zombies (Ossuary)
891 creatures vanquished.

Vanquished Creatures (collateral kills)
  Mara (Swamp:3)
  A manticore (D:14)
  A will-o-the-wisp (Swamp:3)
  A swamp worm (Swamp:3)
4 creatures vanquished.

Vanquished Creatures (others)
  A swamp dragon (Swamp:4)
  A deep elf zephyrmancer (Orc:2)
  2 bloated husks (Swamp:3)
  A swamp worm (Swamp:3)
  3 swamp drakes (Swamp:4)
  An orc priest (Orc:2)
  4 orcs (Orc:2)
  13 foxfires
26 creatures vanquished.

Grand Total: 921 creatures vanquished

Notes
Turn   | Place    | Note
-------+----------+-------------------------------------------
     0 | D:1      | Leszczynek the Oni Alchemist began the quest for the Orb.
     0 | D:1      | Reached XP level 1. HP: 16/16 MP: 3/3
    31 | D:1      | i'm retarded and now I have to do this AGAIN
    31 | D:1      | this time no spellcasting though
    31 | D:1      | fuck that shit
    77 | D:1      | Reached skill level 1 in Fighting
   181 | D:1      | Reached skill level 2 in Fighting
   181 | D:1      | Reached XP level 2. HP: 28/28 MP: 5/5
   186 | D:1      | You fall into a shaft and drop 1 floor!
   195 | D:2      | Learned a level 2 spell: Mercury Vapours
   438 | D:2      | Reached skill level 3 in Fighting
   595 | D:1      | Reached XP level 3. HP: 28/37 MP: 1/6
   745 | D:1      | Reached skill level 4 in Fighting
  1266 | D:3      | Reached XP level 4. HP: 49/49 MP: 7/7
  1268 | D:3      | Identified the +3 ring mail "Ullaiz" {Int+3}
  1278 | D:3      | Found a faded altar of an unknown god.
  1292 | D:3      | Reached skill level 1 in Maces & Flails
  1346 | D:3      | >17%
  1346 | D:3      | 0.05% chance, JUST happens against the biggest threat
                  | around
  1346 | D:3      | oops
  1346 | D:3      | that's why this playstyle is absolute garbage and should be
                  | removed for a better player experience
  1400 | D:2      | Reached skill level 2 in Maces & Flails
  1527 | D:3      | Found an ornate altar of the Wu Jian Council.
  1814 | D:3      | Reached XP level 5. HP: 55/55 MP: 6/8
  1912 | D:4      | Reached skill level 3 in Maces & Flails
  2198 | D:4      | Found an opulent altar of Gozag.
  2235 | D:4      | Reached skill level 4 in Maces & Flails
  2239 | D:4      | Found a broken altar of Ashenzari.
  2539 | D:4      | Reached XP level 6. HP: 63/63 MP: 5/9
  2566 | D:4      | Reached skill level 5 in Maces & Flails
  2711 | D:5      | Entered Level 5 of the Dungeon
  2723 | D:5      | Noticed Grinder
  2799 | D:5      | Noticed an ice beast
  2894 | D:5      | Found a sacrificial altar of Ru.
  2928 | D:5      | Found a burning altar of Makhleb.
  2993 | D:5      | Reached skill level 5 in Fighting
  2993 | D:5      | Reached XP level 7. HP: 35/72 MP: 10/10
  3154 | D:5      | Reached skill level 6 in Maces & Flails
  3511 | D:5      | Found a staircase to the Ecumenical Temple.
  3520 | Temple   | Entered the Ecumenical Temple
  3551 | Temple   | Became a worshipper of Trog the Wrathful
  3916 | D:6      | Reached skill level 6 in Fighting
  3961 | D:6      | Reached skill level 7 in Maces & Flails
  3961 | D:6      | Reached XP level 8. HP: 69/84 MP: 11/11
  4271 | D:6      | Noticed Sigmund
  4274 | D:6      | Killed Sigmund
  4275 | D:6      | Reached skill level 8 in Maces & Flails
  4310 | D:6      | Found a glowing silver altar of Zin.
  4626 | D:6      | Reached skill level 9 in Maces & Flails
  4957 | D:6      | Reached skill level 7 in Fighting
  4961 | D:6      | Reached XP level 9. HP: 45/93 MP: 12/12
  5150 | D:7      | Found a sand-covered staircase.
  5179 | Ossuary  | Entered an ossuary
  5379 | Ossuary  | Reached * piety under Trog
  5408 | Ossuary  | Noticed Menkaure
  5428 | Ossuary  | Killed Menkaure
  5429 | Ossuary  | Reached skill level 10 in Maces & Flails
  5798 | Ossuary  | Reached skill level 8 in Fighting
  5950 | Ossuary  | Reached ** piety under Trog
  6194 | D:7      | Noticed a two-headed ogre
  6206 | D:7      | Killed a two-headed ogre
  6207 | D:7      | Reached skill level 9 in Fighting
  6207 | D:7      | Reached skill level 11 in Maces & Flails
  6511 | D:8      | Reached skill level 1 in Throwing
  6511 | D:8      | Reached XP level 10. HP: 92/107 MP: 13/13
  6676 | D:7      | Reached skill level 2 in Throwing
  6790 | D:8      | Reached skill level 12 in Maces & Flails
  7074 | D:8      | Reached skill level 2 in Dodging
  7593 | D:8      | Found a sparkling altar of Nemelex Xobeh.
  7612 | D:8      | Found a staircase to the Lair.
  7675 | D:8      | Reached skill level 3 in Dodging
  7680 | D:8      | Reached skill level 10 in Fighting
  7889 | D:8      | Found a white marble altar of Elyvilon.
  8015 | D:9      | Reached *** piety under Trog
  8098 | D:9      | Found a snail-covered altar of Cheibriados.
  8120 | D:9      | Noticed Maurice
  8122 | D:9      | Noticed Jeremiah
  8273 | D:9      | Killed Jeremiah
  8357 | D:9      | Maurice stole 7 boomerangs
  8358 | D:9      | Maurice stole a +0 giant club
  8360 | D:9      | Maurice stole 488 gold
  8364 | D:9      | Something stole 59 gold
  8365 | D:9      | Killed Maurice
  8366 | D:9      | Reached skill level 13 in Maces & Flails
  8366 | D:9      | Reached skill level 3 in Throwing
  8394 | D:9      | Found a radiant altar of Vehumet.
  8763 | D:9      | Reached XP level 11. HP: 119/119 MP: 14/14
  8903 | D:9      | Paralysed by a hornet for 3 turns
  8908 | D:9      | Reached skill level 4 in Dodging
  9275 | D:10     | Entered Level 10 of the Dungeon
  9547 | D:10     | Reached skill level 11 in Fighting
  9547 | D:10     | Reached skill level 4 in Throwing
  9882 | D:10     | Identified the +3 leather armour of the Stars {Dex+2}
 10003 | D:10     | Identified the +5 war axe of Symmetry {heavy, rPois Int+3}
 10081 | D:10     | Noticed a two-headed ogre
 10092 | D:10     | Killed a two-headed ogre
 10235 | D:10     | Found a basalt altar of Yredelemnul.
 10238 | D:10     | Found a hide-covered altar of Uskayaw.
 10374 | D:10     | Reached **** piety under Trog
 10385 | D:10     | Identified the +1 sling "Dewi" {flame, Str+3}
 10460 | D:11     | Noticed a cyclops
 10472 | D:10     | Reached skill level 5 in Dodging
 10710 | D:11     | Found a glowing golden altar of the Shining One.
 10762 | D:11     | Noticed a white ugly thing
 10783 | D:11     | Killed a white ugly thing
 10784 | D:11     | Reached skill level 14 in Maces & Flails
 10843 | D:11     | Reached skill level 5 in Throwing
 10873 | D:11     | Found a staircase to the Orcish Mines.
 11084 | D:11     | Killed a cyclops
 11093 | D:11     | Found Oleruwn's Weapon Emporium.
 11106 | D:11     | Bought 2 curare-tipped darts for 31 gold pieces
 11275 | D:11     | Noticed a cyclops
 11305 | D:11     | Killed a cyclops
 11406 | D:11     | Noticed a manticore
 11412 | D:11     | Killed a manticore
 11413 | D:11     | Reached skill level 12 in Fighting
 11413 | D:11     | Reached XP level 12. HP: 104/132 MP: 15/15
 11481 | D:11     | 3 trolls, no hide
 11498 | D:11     | Reached skill level 1 in Evocations
 11602 | D:11     | Noticed a two-headed ogre
 11602 | D:11     | Noticed a boulder beetle
 11606 | D:11     | Killed a two-headed ogre
 11607 | D:11     | Reached skill level 6 in Throwing
 11610 | D:11     | Reached skill level 2 in Evocations
 11617 | D:11     | Killed a boulder beetle
 11762 | D:11     | Noticed a two-headed ogre
 11770 | D:11     | Reached skill level 3 in Evocations
 11774 | D:11     | Killed a two-headed ogre
 11775 | D:11     | Reached skill level 7 in Throwing
 11902 | D:11     | HP: 23/132 [komodo dragon (19)]
 12034 | D:11     | Noticed a two-headed ogre
 12035 | D:11     | Paralysed by a hornet for 1 turns
 12039 | D:11     | Noticed a two-headed ogre
 12058 | D:11     | Reached skill level 4 in Evocations
 12059 | D:11     | Killed a two-headed ogre
 12065 | D:11     | Killed a two-headed ogre
 12066 | D:11     | Reached skill level 8 in Throwing
 12225 | D:11     | Noticed a two-headed ogre
 12234 | D:11     | Killed a two-headed ogre
 12238 | D:11     | Reached skill level 5 in Evocations
 12464 | D:11     | Noticed a two-headed ogre
 12470 | D:11     | Killed a two-headed ogre
 12836 | D:12     | Noticed Rupert
 12847 | D:12     | Killed Rupert
 12848 | D:12     | Reached skill level 9 in Throwing
 12848 | D:12     | Reached XP level 13. HP: 129/140 MP: 16/16
 12857 | D:12     | w e w
 12908 | D:12     | Reached skill level 6 in Evocations
 13124 | D:12     | Found a frozen archway.
 13258 | IceCv    | Entered an ice cave
 13956 | IceCv    | Noticed a white draconian
 14042 | IceCv    | Killed a white draconian
 14575 | D:12     | Reached ***** piety under Trog
 14668 | D:12     | Reached skill level 13 in Fighting
 14722 | D:12     | Noticed Gastronok
 14766 | D:12     | Killed Gastronok
 14767 | D:12     | Reached skill level 15 in Maces & Flails
 15027 | D:13     | Reached skill level 10 in Throwing
 15027 | D:13     | Reached skill level 6 in Dodging
 15160 | D:13     | Found Tipinit's Book Boutique.
 15557 | D:14     | Noticed Frances
 15571 | D:14     | Killed Frances
 15572 | D:14     | Reached skill level 14 in Fighting
 15577 | D:14     | Reached skill level 7 in Evocations
 15748 | D:14     | Found a gate to the Vaults.
 15840 | D:14     | Reached XP level 14. HP: 135/157 MP: 17/17
 15943 | D:14     | Found Jaekas's Jewellery Boutique.
 15946 | D:14     | Bought a ring of poison resistance for 300 gold pieces
 15960 | D:14     | Found Muaprer's Armour Shop.
 15994 | D:14     | Bought a +0 kite shield for 58 gold pieces
 16124 | D:14     | Reached skill level 2 in Stealth
 16177 | D:14     | Noticed Agnes
 16183 | D:14     | Killed Agnes
 16184 | D:14     | Reached skill level 1 in Shields
 16255 | D:14     | Found Qyhyg's Weapon Boutique.
 16292 | D:14     | Found Keenestra's General Store.
 16300 | D:14     | Bought a lightning rod (4/4) for 440 gold pieces
 16300 | D:14     | Bought a scroll of identify for 22 gold pieces
 16446 | D:14     | Reached skill level 2 in Shields
 16549 | D:14     | Noticed Roxanne
 16623 | D:14     | Reached skill level 15 in Fighting
 16743 | D:14     | Reached skill level 16 in Maces & Flails
 16847 | D:15     | Entered Level 15 of the Dungeon
 16856 | D:15     | Reached skill level 3 in Shields
 17068 | D:15     | Reached skill level 3 in Stealth
 17440 | D:15     | Reached skill level 4 in Shields
 17764 | D:15     | HP: 32/161 [centaur warrior (2)]
 17765 | D:15     | HP: 14/161 [centaur warrior/arrow (20)]
 17933 | D:15     | Reached skill level 16 in Fighting
 18097 | D:15     | Reached skill level 5 in Shields
 18124 | D:15     | Found a staircase to the Depths.
 18193 | D:14     | Reached skill level 8 in Evocations
 18346 | Lair:1   | Entered Level 1 of the Lair of Beasts
 18474 | D:8      | Reached skill level 4 in Stealth
 19082 | Lair:1   | Reached skill level 6 in Shields
 19108 | Lair:1   | Reached XP level 15. HP: 168/171 MP: 18/18
 19451 | Lair:2   | Found a staircase to the Swamp.
 19498 | Lair:2   | Reached skill level 17 in Fighting
 19597 | Lair:2   | Reached skill level 7 in Shields
 19900 | Lair:2   | Received a gift from Trog
 19901 | Lair:2   | Reached skill level 11 in Throwing
 20162 | Lair:3   | Found a staircase to the Snake Pit.
 20201 | Lair:3   | Found a gate leading to a gauntlet.
 20245 | Lair:3   | Reached skill level 8 in Shields
 20258 | Lair:3   | Reached skill level 18 in Fighting
 20276 | Gauntlet | Entered a Gauntlet
 20276 | Gauntlet | Found a transporter.
 20284 | Gauntlet | Found a transporter.
 20285 | Gauntlet | Found a transporter.
 20301 | Gauntlet | Found a transporter.
 20304 | Gauntlet | Found a transporter.
 20311 | Gauntlet | Found a transporter.
 20327 | Gauntlet | Found a transporter.
 20337 | Gauntlet | Found a transporter.
 20346 | Gauntlet | Found a runed translucent gate.
 20347 | Gauntlet | Found a transporter.
 20347 | Gauntlet | Found a runed translucent gate.
 20348 | Gauntlet | Found a runed translucent gate.
 20361 | Gauntlet | Found a transporter.
 20370 | Gauntlet | Found a transporter.
 20373 | Gauntlet | Found a transporter.
 20447 | Gauntlet | Found a transporter.
 20519 | Gauntlet | Found a transporter.
 20525 | Gauntlet | Identified the amulet "Waust" {RegenMP RegenMP+ Dex+5}
 20534 | Gauntlet | Identified the +10 plate armour "Luihean" {rC- rN+ Int+3
                  | Dex+3}
 20535 | Gauntlet | nice armor
 20550 | Gauntlet | Identified the +3 robe of Coedanai {rCorr Str-5 Int+6
                  | Dex-2}
 20575 | Gauntlet | Identified the +3 flail of Desperation {elec, *Noise rElec
                  | Int+6 Dex+3}
 20575 | Gauntlet | Identified the +5 leather armour "Varec" {+Blink rC- rN+
                  | Stlth+}
 20840 | Lair:4   | Found a staircase to the Slime Pits.
 21148 | Lair:4   | Reached skill level 9 in Shields
 21257 | Lair:4   | Received a gift from Trog
 21319 | Lair:5   | Entered Level 5 of the Lair of Beasts
 21460 | Lair:5   | Reached skill level 19 in Fighting
 21638 | Lair:5   | Found an opulent altar of Gozag.
 21659 | Lair:5   | Reached XP level 16. HP: 183/189 MP: 19/19
 21962 | Lair:5   | Reached skill level 10 in Shields
 21969 | Lair:5   | Reached skill level 12 in Throwing
 21988 | Lair:5   | Reached ****** piety under Trog
 22000 | Lair:5   | Got an earthy gem with 781 turns to spare
 22001 | Lair:5   | oh
 22001 | Lair:5   | gem
 22001 | Lair:5   | XD
 22001 | Lair:5   | i'm just tabbing man
 22159 | Lair:5   | Found a corrupted altar of Lugonu.
 22159 | Lair:5   | Found a one-way gate to the infinite horrors of the Abyss.
 22343 | Lair:5   | Reached skill level 20 in Fighting
 22657 | Orc:1    | Entered Level 1 of the Orcish Mines
 22732 | D:14     | Bought the ring "Caqokh" {rF+ Str+3 Int+3} for 669 gold
                  | pieces
 22839 | Orc:1    | Received a gift from Trog
 23006 | Orc:2    | Entered Level 2 of the Orcish Mines
 23006 | Orc:2    | Noticed Donald
 23019 | Orc:2    | Killed Donald
 23051 | Orc:2    | Noticed Azrael
 23057 | Orc:1    | Killed Azrael
 23317 | Orc:2    | Reached skill level 11 in Shields
 23676 | Orc:1    | Received a gift from Trog
 23911 | Orc:2    | Found a staircase to the Elven Halls.
 23948 | Orc:2    | Found Pomiwn's Magic Scroll Shop.
 24028 | Orc:2    | Found Xiunoh's Assorted Antiques.
 24028 | Orc:2    | Found Azar's Book Shoppe.
 24030 | Orc:2    | Found Gocsiew's Magic Scroll Emporium.
 24032 | Orc:2    | Found Ramosaq's General Store.
 24039 | Orc:2    | Bought a scroll labelled ITUPHEAHIY for 28 gold pieces
 24039 | Orc:2    | Bought a flickering bronze ring for 140 gold pieces
 24039 | Orc:2    | Identified the ring "Keonal" {rN+ Dex+5} (You bought it in
                  | a shop on level 2 of the Orcish Mines)
 24042 | Orc:2    | Bought a scroll of fear for 56 gold pieces
 24042 | Orc:2    | Bought a scroll of enchant weapon for 105 gold pieces
 24042 | Orc:2    | Bought 3 scrolls of fog for 168 gold pieces
 24042 | Orc:2    | Bought a scroll of fear for 56 gold pieces
 24042 | Orc:2    | Bought a scroll of enchant weapon for 105 gold pieces
 24047 | Orc:2    | Bought a scroll of silence for 114 gold pieces
 24047 | Orc:2    | Bought a potion of haste for 120 gold pieces
 24047 | Orc:2    | Bought a scroll of enchant weapon for 90 gold pieces
 24109 | Orc:2    | Bought a scroll of teleportation for 48 gold pieces
 24109 | Orc:2    | Bought a scroll of teleportation for 48 gold pieces
 24424 | Swamp:1  | Entered Level 1 of the Swamp
 24470 | Swamp:1  | Noticed Kirke
 24503 | Swamp:1  | HP: 35/195 [lindwurm[Kirke] (8)]
 24506 | Swamp:1  | HP: 17/195 [something (18)]
 24691 | Lair:2   | Killed Kirke
 24742 | Swamp:1  | Reached skill level 21 in Fighting
 24957 | Swamp:1  | Noticed Nikola
 25107 | Swamp:2  | Reached XP level 17. HP: 171/188 MP: 20/20
 25139 | Swamp:2  | Found a runed translucent gate.
 25139 | Swamp:2  | Found a runed translucent gate.
 25139 | Swamp:2  | Found a runed translucent gate.
 25139 | Swamp:2  | Noticed Sucs's ghost (journeyman DESu)
 25159 | Swamp:2  | Killed Sucs's ghost
 25160 | Swamp:2  | Reached skill level 13 in Throwing
 25623 | Swamp:3  | Reached skill level 5 in Stealth
 25993 | Swamp:3  | Noticed Mara
 26012 | Swamp:3  | Noticed Leszczynek's illusion
 26012 | Swamp:3  | Killed Mara
 26013 | Swamp:3  | Reached skill level 1 in Armour
 26013 | Swamp:3  | Reached skill level 12 in Shields
 26047 | Swamp:3  | Reached skill level 2 in Armour
 26145 | Swamp:4  | Entered Level 4 of the Swamp
 26403 | Swamp:4  | Reached skill level 3 in Armour
 26427 | Swamp:4  | Noticed Mlioglotl
 26620 | Swamp:4  | Reached skill level 4 in Armour
 26665 | Swamp:4  | Got a decaying rune of Zot
 26717 | Swamp:4  | Reached skill level 17 in Maces & Flails
 26751 | Swamp:4  | Identified the +5 sling "Eppipra" {elec, rPois rN++}
 26825 | Swamp:4  | Killed Mlioglotl
 26852 | Swamp:4  | HP: 38/205 [will-o-the-wisp/foxfire (5)]
 26854 | Swamp:4  | Slain by a tyrant leech

Illustrated notes ####. #.... #### ##### ####..# ...# #...# #....# ...# #.>.# #....######## ...###...###....@......# .................#####.# .................# .................# ...###...###.....# ...# #.>.# #.....# ...# #...# #....... #### ##### ########.# # Turn 31 on D:1: i'm retarded and now I have to do this AGAIN .. ##. ... .[ g... ##[# .# .....##.. #.# # ........## #.#.# #..............###.#.#.# #..........###......... #..........#.......### #..........#.##.@...## #........#..#..g....# ##...........#.......# #..........# #.......# #..........# ##.....## #..........# #.......# #..........# #.†.....# #.....[....# #.......# ##<......g#####.)...## Turn 1346 on D:3: >17%

....#################........#
....# #........# ....#
#........# ....# #..######...
....# ## #..#....# . ....# ..
#..'....# ....# ###.##
#..#....# ##### ♣.....♣♣♣
#######)# #.@♣ ♣.♣♣#.# . ♣
#.♣.♣ ♣♣.♣#†####' ♣.#####.♣♣.♣
♣♣.#...... ♣.....♣♣ ♣♣
♣♣.♣#...... # ###'######
♣♣.♣♣#...... ♣.
#...#♣♣.♣♣#♣.♣♣ #......
♣.♣♣...♣♣...♣♣.♣♣♣♣#.#####
♣.'>ß<'..............#
♣.♣♣...♣♣...♣♣.♣♣♣♣#...#


Turn 11481 on D:11: 3 trolls, no hide ### # ..# # #.#####.# .. (..##.###
#.##....#.## #..........## #.@O.....# #.##....## #.##........ #.####.#####
#.####.# #......## #####<..# #.....# #.......# Turn 12857 on D:12: w e w
..#?#...♣.#.... ###.#.....#.©.# .. syss#.....#...# .# #####.....#.©.# .#
.......∩..#...###.' #####.....#.©.#...# ....#.....#...#.#H#####
###.#...P.#.©.#.#.....# .#.[#...♣.#.....@....ß# ©#.©#.....#.♣.###.##.##
†^..#.♣..##.... ... #.#.#.P.###.♣.## #### ....#...≈##...# #####...≈≈#####
......♣.≈## #####...## ....#...≈## Turn 20535 on Gauntlet: nice armor ♣♣♣♣
♣..♣♣♣♣♣ ♣.....@♣ ... ♣..(..♣♣ ..♣ ♣♣.♣♣)♣ ..♣ ♣.♣♣♣♣♣..♣♣ ♣..♣ ♣....♣
♣♣.♣♣.....♣ ♣.....♣ ### ♣...†♣♣ #.# ♣...♣♣ Turn 22001 on Lair:5: oh

Levels and vault maps discovered:
D:1:      minmay_arrival_hallway, layout_loops_cross, minmay_3d_cube
D:2:      layout_loops_ring, serial_undead, serial_undead_c, serial_undead_d,
          serial_undead_b, serial_undead_e, nicolae_elevator_lobby_plus
D:3:      layout_rooms, nzn_wu_jian_contemplation,
          shapermc_ecumenical_altar_mp_ritualfount, chequers_mini_garden
D:4:      layout_loops_ring, evilmike_ruin_ashenzari, grunt_gozag_breadcrumbs
D:5:      layout_rooms, makhleb_blood_cavern_becter,
          mainiacjoe_overflow_boulevard, minmay_temple_entry_ruins,
          st_stairs_13, uniq_grinder
D:6:      layout_loops_ring, zin_scriptorium, uniq_sigmund
D:7:      layout_rooms, enter_ossuary_1
D:8:      minmay_recursive_quarters, layout_loops_ring,
          nicolae_elyvilon_peaceful_grove, nemelex_xobeh_ov_fountains_minmay,
          lair_entry_dummy
D:9:      layout_rooms, mainiacjoe_overflow_catch_the_wave,
          nicolae_houndstooth_variations, uniq_jeremiah, uniq_maurice
D:10:     layout_rooms, jmf_multi_god_temple2, nicolae_fountain_basement
D:11:     nzn_winding_woodlands_stair_cross
          [nzn_winding_woodlands_5x15_sawtooth,
          nzn_winding_woodlands_center_garden,
          nzn_winding_woodlands_5x15_jagged,
          nzn_winding_woodlands_5x5_open_star,
          nzn_winding_woodlands_5x5_closed_star,
          nzn_winding_woodlands_5x15_cabin, nzn_winding_woodlands_center_lodge,
          nzn_winding_woodlands_5x15_split_checker], layout_gridville,
          orc_david_3, nicolae_tso_carved_into_rock
D:12:     layout_loops_corners, portal_ice_cave_entry_imps, uniq_gastronok,
          uniq_rupert
D:13:     layout_cave_pools, nicolae_wooded_promenade
D:14:     layout_long_grid, david_vaults_2, serial_shops, nicolae_diamond_shop,
          shop, nicolae_shop_crystal, nicolae_shop_crystal, nicolae_titane,
          uniq_frances, uniq_roxanne, uniq_agnes
D:15:     hellmonk_depths_entry_around_the_bend, layout_basic,
          serial_library_hellmonk_open_cross
Temple:   cyrus_temple_forest
Lair:1:   layout_cave_pods, amcnicky_mini_pool_medium
Lair:2:   layout_cave_shapes, palyth_hydra_swamp_entry, serial_rivers,
          chequers_serial_rivers_small_3, chequers_serial_rivers_room_b,
          chequers_serial_rivers_micro_a, chequers_serial_rivers_micro_b,
          chequers_serial_rivers_large_a, minivault_23,
          chequers_serial_rivers_micro_a
Lair:3:   layout_cave_shapes, minmay_snake_entry_guardpost_small,
          gauntlet_entry_generic, hibernation_bobbens, lemuel_fruit_tree
Lair:4:   layout_long_grid, minmay_slime_entry_pillars, grunt_megastairs_1
Lair:5:   hellmonk_lair_end_abyssal_woods, layout_layer_cave, basic_altar,
          st_stairs_8, grunt_megastairs_2
Swamp:1:  layout_falls_marsh, nicolae_swamp_treefoil, uniq_kirke, uniq_nikola
Swamp:2:  layout_basic_swamp, ebering_ghost_rock_garden,
          evilmike_swamp_ruin_rubble_1, nicolae_swamp_tree_isthmus,
          infiniplex_staircase_pool_2
Swamp:3:  layout_basic_swamp, nicolae_swamp_dense_foliage,
          nicolae_swamp_stair_fork, swamp_pool_1_2, uniq_mara
Swamp:4:  swamp_fiery, layout_basic_swamp, swamp_pool_1_2,
          cheibrodos_swamp_minitomb, uniq_mlioglotl
Orc:1:    layout_caves, nicolae_orc_tapped_out
Orc:2:    st_orc_rangers, layout_caves, serial_shops, shop,
          elves_outpost_lemuel, uniq_donald, uniq_azrael

Skill      XL: |  1  2  3  4  5  6  7  8  9 10 11 12 13 14 15 16 17 |
---------------+----------------------------------------------------+-----
Fighting       | 2 3 4 5 6 7 9 10 12 14 16 19 21 | 21.1
Maces & Flails | 2 4 5 7 9 11 13 14 15 16 17 | 17.0
Throwing       | 1 3 5 9 10 11 12 13 | 13.7
Dodging        | 3 5 6 |  6.0
Evocations     | 5 7 8 |  8.0
Stealth        | 4 5 |  5.2
Shields        | 6 9 11 12 | 12.3
Armour         | 4 |  4.7
Spellcasting   | |  2.4
Conjurations   | |  0.8
Alchemy        | |  2.6

Action                     |  1- 3 |  4- 6 |  7- 9 | 10-12 | 13-15 | 16-18 || total
---------------------------+-------+-------+-------+-------+-------+-------++-------
  Melee: Long sword        |    91 |       |       |       |       |       ||    91
         Headbutt          |    10 |    23 |    69 |   108 |   320 |   226 ||   756
         Mace              |     2 |   120 |   241 |   100 |       |       ||   463
         Flail             |       |       |    83 |       |       |       ||    83
         Morningstar       |       |       |       |   381 |  1209 |   897 ||  2487
         Unarmed           |       |       |       |       |       |    17 ||    17
  Throw: Large rock        |       |       |    12 |     5 |     7 |    14 ||    38
         Boomerang         |       |       |       |     3 |    49 |     6 ||    58
         Javelin           |       |       |       |       |       |     1 ||     1
   Cast: Sting             |    34 |    14 |     8 |       |       |       ||    56
         Mercury Vapours   |       |     8 |     2 |       |       |       ||    10
 Invoke: Berserk           |       |       |     1 |    12 |    10 |    14 ||    37
         Trog's Hand       |       |       |       |     2 |       |     3 ||     5
         Brothers in Arms  |       |       |       |     1 |     1 |     1 ||     3
  Evoke: Wand              |       |       |     5 |     2 |    10 |     2 ||    19
         Phial of floods   |       |       |       |       |     1 |       ||     1
    Use: Scroll            |     3 |     6 |     5 |     3 |    10 |     4 ||    31
         Potion            |       |       |       |     1 |     6 |     7 ||    14
   Stab: Sleeping          |     6 |     1 |     4 |     2 |       |       ||    13
         Distracted        |     1 |       |       |     1 |     3 |       ||     5
 Armour: Robe              |    70 |    58 |   198 |   265 |       |       ||   591
         Troll leather arm |       |       |       |    58 |   745 |   443 ||  1246
         Skin              |       |       |       |       |       |    22 ||    22
         Swamp dragon scal |       |       |       |       |       |   208 ||   208
  Dodge: Dodged            |    52 |    85 |   178 |   283 |   792 |   729 ||  2119
  Block: Kite shield       |       |       |       |       |       |   230 ||   230

Table legend: (Time is in decaauts)
 A = Elapsed time spent in this place.
 B = Non-inter-level travel time spent in this place.
 C = Inter-level travel time spent in this place.
 D = Time resting spent in this place.
 E = Time spent auto-exploring this place.
 F = Levels seen in this place.
 G = Mean time per level.
                   A        B        C        D        E       F      G
               +--------+--------+--------+--------+--------+-----+--------+
         Total |  26553 |  21887 |   4666 |   6412 |     31 |  30 |  885.1 |
       Dungeon |  17108 |  13730 |   3378 |   4939 |     31 |  15 | 1140.5 |
        Temple |     59 |     20 |     39 |      0 |      0 |   1 |   59.0 |
          Lair |   3715 |   2811 |    904 |    264 |      0 |   5 |  743.0 |
         Swamp |   2179 |   2043 |    136 |    406 |      0 |   4 |  544.8 |
  Orcish Mines |   1376 |   1169 |    207 |    176 |      0 |   2 |  688.0 |
       Ossuary |    833 |    833 |      0 |    257 |      0 |   1 |  833.0 |
      Ice Cave |    978 |    978 |      0 |    342 |      0 |   1 |  978.0 |
      Gauntlet |    300 |    300 |      0 |     26 |      0 |   1 |  300.0 |
               +--------+--------+--------+--------+--------+-----+--------+

Top non-repeatable levels by time:
    D:11: 2228 daAuts
     D:8: 1761 daAuts
    D:10: 1500 daAuts
     D:9: 1451 daAuts
    D:14: 1398 daAuts
     D:6: 1344 daAuts
    D:15: 1307 daAuts
    D:12: 1187 daAuts
     D:4: 993 daAuts
  Lair:2: 991 daAuts
   IceCv: 978 daAuts
  Lair:5: 923 daAuts
     D:5: 900 daAuts
 Ossuary: 833 daAuts
   Orc:2: 775 daAuts
